 Dungeon Crawl Stone Soup version 0.32-a0-699-g1ee5eff69a (webtiles) character file.

Game seed: 16970006135960909081

1010 Griffin23 the Covered (level 8, -21/69 HPs)
             Began as a Minotaur Fighter on Mar 13, 2024.
             Was an Initiate of Beogh.
             Demolished by a large abomination (34 damage)
             ... on level 1 of the Abyss.
             The game lasted 00:06:31 (3783 turns).

Griffin23 the Covered (Minotaur Fighter)            Turns: 3783, Time: 00:06:31

Health: -21/69     AC:  7    Str: 23    XL:     8   Next: 1%
Magic:  7/7        EV:  9    Int:  5    God:    Beogh [......]
Gold:   285        SH:  4    Dex: 10    Spells: 7/7 levels left

rFire   . . .        a - +0 long sword
rCold   . . .        c - +0 buckler
rNeg    . . .        b - +0 scale mail
rPois   .            (helmet currently unavailable)
rElec   .            (cloak currently unavailable)
rCorr   .            (gloves currently unavailable)
SInv    .            (boots currently unavailable)
Will    .....        (no amulet) Stlth
                     (no ring)
HPRegen 0.31/turn    (no ring)
MPRegen 0.10/turn

%: random rage (3%)
@: mighty, beast-form
A: beast (slay +1), horns 2, retaliatory headbutt, berserk 1, inability to drink
after injury 1
a: Begin Untransformation, Renounce Religion


You were on level 1 of the Abyss.
You worshipped Beogh.
Beogh was noncommittal.
You were a hulking beast.
You visited 1 branch of the dungeon, and saw 5 of its levels.
You visited the Abyss 1 time.

You collected 285 gold pieces.

Inventory:

Hand Weapons
 a - a +0 long sword (weapon)
 v - a +0 great sword
Armour
 b - a +0 scale mail (worn)
 c - a +0 buckler (worn)
 n - a +0 pair of gloves
 o - a +0 cloak
Jewellery
 d - a ring of see invisible
Talismans
 l - a beast talisman (active)
Wands
 x - a wand of flame (15)
Scrolls
 f - 2 scrolls of identify {unknown}
 g - a scroll of silence {unknown}
 h - a scroll of revelation {unknown}
 i - a scroll of vulnerability {unknown}
 r - a scroll of immolation
 t - 2 scrolls of enchant weapon {unknown}
 y - a scroll of fear {unknown}
Potions
 e - 3 potions of curing {unknown}
 j - a potion of heal wounds {unknown}
 k - a potion of resistance {unknown}
 m - 2 potions of invisibility {unknown}
 p - a potion of degeneration {unknown}
 q - 2 potions of enlightenment {unknown}
 u - 2 potions of attraction {unknown}
 w - a potion of mutation {unknown}


   Skills:
 * Level 5.4 Fighting
 * Level 6.4 Long Blades
 * Level 6.9 Armour
 - Level 1.5 Dodging
 - Level 0.2 Stealth
 + Level 4.9 Shields
 * Level 2.3 Shapeshifting


You had 7 spell levels left.
You didn't know any spells.
Your spell library contained the following spells:

 Spells                   Type           Power      Damage    Failure   Level
 Magic Dart               Conj           0%         1d3       83%         1
 Blink                    Tloc           0%         N/A       92%         2
 Call Imp                 Summ           0%         N/A       92%         2


Dungeon Overview and Level Annotations

Branches:
Dungeon (5/15)
 Temple: D:4-7

Altars:
Sif Muna
Vehumet


Innate Abilities, Weirdness & Mutations

You are a hulking beast.
Your limbs bulge with bestial killing power. (Slay +1)
You have a pair of horns on your head.
You reflexively headbutt those who attack you in melee.
You sometimes lose your temper in combat.
You occasionally lose the ability to drink potions when taking damage.


Message History

You feel stronger.
Found a gateway leading deeper into the Abyss.
A large abomination comes into view.
You hit the large abomination but do no damage.
The large abomination closely misses you.
You furiously retaliate!
You headbutt the large abomination. You hit the large abomination.
The large abomination is lightly damaged.
A large abomination comes into view.
The large abomination hits you!!
You hit the large abomination but do no damage.
The large abomination is lightly damaged.
The large abomination hits you!
You are too injured to fight recklessly!
Okay, then.
Aiming: Throw Flame
Press: ? - help, Shift-Dir - straight line, f - large abomination
Aim: a large abomination (lightly damaged, 85% to hit)
The puff of flame hits the large abomination.
The large abomination is moderately damaged.
The large abomination hits you!
* * * LOW HITPOINT WARNING * * *
The large abomination attacks as it pursues you!
You block the large abomination's attack.
You feel very mighty all of a sudden. The large abomination hits you.
* * * LOW HITPOINT WARNING * * *
You barely miss the large abomination.
The large abomination is moderately damaged.
The large abomination completely misses you.
You furiously retaliate!
You headbutt the large abomination! You slash the large abomination!
The large abomination is heavily damaged.
The large abomination closely misses you.
You furiously retaliate!
You headbutt the large abomination! You slash the large abomination!
Your headbutt misses the large abomination.
The large abomination is almost destroyed.
The large abomination hits you!!
You die...

#.... .. #... .##
# ##.## #..##. #.
## ###...###......
.#
.#..#.....#....#
#..# ...........#
.. ..#
.#.....#...#
..#...##.#..X#.#.#
#.....#.#.#.#h.#
.. .
#.......##..#### .
# ..#. ..# #..##
..#.# #.##.
####..#.### ## ##.
##....#.. #.
.#..##...# . #..##
#..## . ..#... #.
# #


You could see a large abomination.

Vanquished Creatures
  Grinder (D:3)
  A neqoxec (Abyss:1)
  A black bear (D:4)
  2 scorpions
  5 wights (D:4)
  A howler monkey (D:4)
  A bombardier beetle (D:4)
  2 iguanas
  2 adders
  3 dart slugs
  A ribbon worm (D:3)
  6 orcs
  4 bats
  5 endoplasms
  4 giant cockroaches
  7 goblins
  3 hobgoblins
  3 kobolds
  4 quokkas
  2 ball pythons
  2 frilled lizards
  3 rats
63 creatures vanquished.

Vanquished Creatures (others)
  A kobold (D:3)
1 creature vanquished.

Grand Total: 64 creatures vanquished

Notes
Turn   | Place    | Note
-------+----------+-------------------------------------------
     0 | D:1      | Griffin23 the Minotaur Fighter began the quest for the Orb.
     0 | D:1      | Reached XP level 1. HP: 19/19 MP: 0/0
   105 | D:1      | Reached XP level 2. HP: 21/27 MP: 1/1
   799 | D:2      | Reached XP level 3. HP: 33/33 MP: 2/2
  1339 | D:3      | Found a faded altar of an unknown god.
  1349 | D:3      | Became a worshipper of Beogh the Shepherd
  1393 | D:3      | Noticed Grinder
  1408 | D:3      | Paralysed by Grinder for 2 turns
  1417 | D:3      | Killed Grinder
  1418 | D:3      | Reached skill level 5 in Armour
  1418 | D:3      | Reached skill level 1 in Dodging
  1418 | D:3      | Reached skill level 1 in Shapeshifting
  1418 | D:3      | Reached XP level 4. HP: 11/41 MP: 3/3
  1418 | D:3      | Reached XP level 5. HP: 13/47 MP: 4/4
  1542 | D:3      | Reached XP level 6. HP: 52/53 MP: 5/5
  2565 | D:4      | Reached skill level 5 in Long Blades
  2565 | D:4      | Reached XP level 7. HP: 36/60 MP: 6/6
  2758 | D:4      | Reached skill level 5 in Fighting
  3077 | D:4      | Found a shimmering blue altar of Sif Muna.
  3318 | D:4      | You fall into a shaft and drop 1 floor!
  3318 | D:5      | Entered Level 5 of the Dungeon
  3432 | D:5      | Found a radiant altar of Vehumet.
  3610 | D:5      | Identified the +1 leather armour "Lietoul" {Will++ Dex+5
                  | SInv}
  3689 | Abyss:1  | Cast into level 1 of the Abyss (orc)
  3725 | Abyss:1  | Noticed a neqoxec
  3726 | Abyss:1  | Gained mutation: You occasionally lose the ability to drink
                  | potions when taking damage. [a neqoxec]
  3729 | Abyss:1  | Gained mutation: You sometimes lose your temper in combat.
                  | [a neqoxec]
  3731 | Abyss:1  | Killed a neqoxec
  3732 | Abyss:1  | Reached XP level 8. HP: 63/69 MP: 7/7
  3771 | Abyss:1  | Noticed a large abomination
  3774 | Abyss:1  | Noticed a large abomination
  3783 | Abyss:1  | Demolished by a large abomination

Illustrated notes

Levels and vault maps discovered:
D:1:      ncdulo_wetmaze, layout_rooms, minivault_23, minmay_tall_x
D:2:      layout_loops_cross
D:3:      layout_loops_cross, hellmonk_ecumenical_altar_blasted,
          hangedman_decor_growths, patterned_corridor, uniq_grinder
D:4:      layout_basic, lemuel_tele_altar, nicolae_overflow_crystal_walls,
          lemuel_coloured_pillars_altar, uniq_duvessa
D:5:      layout_layer_cave, lemuel_crystal_altar, serial_rivers,
          chequers_serial_rivers_large_b, chequers_serial_rivers_micro_e,
          chequers_serial_rivers_marsh, chequers_serial_rivers_large_a,
          chequers_serial_rivers_micro_e, serial_bayou_pond_c
Abyss:1:  base:
D:2

Skill      XL: |  1  2  3  4  5  6  7 |
---------------+----------------------+-----
Armour         | 4 5 6 |  6.9
Shields        | 4 |  4.9
Long Blades    | 3 4 5 6 |  6.4
Fighting       | 4 5 |  5.4
Dodging        | 1 |  1.5
Shapeshifting  | 1 2 |  2.3
Stealth        | |  0.2

Action                     |  1- 3 |  4- 6 |  7- 9 || total
---------------------------+-------+-------+-------++-------
  Melee: Long sword        |    79 |    55 |    64 ||   198
         Headbutt          |    13 |     8 |    10 ||    31
 Invoke: Convert to Beogh  |     1 |       |       ||     1
  Evoke: Wand              |       |       |     1 ||     1
    Use: Potion            |     1 |       |     1 ||     2
 Armour: Scale mail        |    57 |    43 |    48 ||   148
  Dodge: Dodged            |    36 |    29 |    21 ||    86
  Block: Buckler           |    25 |     9 |     9 ||    43
   Form: Beast             |     1 |       |       ||     1

Table legend: (Time is in decaauts)
 A = Elapsed time spent in this place.
 B = Non-inter-level travel time spent in this place.
 C = Inter-level travel time spent in this place.
 D = Time resting spent in this place.
 E = Time spent auto-exploring this place.
 F = Levels seen in this place.
 G = Mean time per level.
                   A        B        C        D        E       F      G
               +--------+--------+--------+--------+--------+-----+--------+
         Total |   3834 |   3489 |    345 |    120 |   2852 |   6 |  639.0 |
       Dungeon |   3739 |   3394 |    345 |    120 |   2800 |   5 |  747.8 |
         Abyss |     95 |     95 |      0 |      0 |     52 |   1 |   95.0 |
               +--------+--------+--------+--------+--------+-----+--------+

Top non-repeatable levels by time:
     D:4: 1154 daAuts
     D:3: 888 daAuts
     D:2: 726 daAuts
     D:1: 595 daAuts
     D:5: 373 daAuts
 Abyss:1: 95 daAuts
